 Dungeon Crawl Stone Soup version 0.28-a0-406-g4bac719ec2 (webtiles) character file.

Game seed: 12810090843110221321

46 Musickiller the Insei (level 3, 0/28 HPs)
             Began as a Gnoll Transmuter on Sept 5, 2021.
             Was a Follower of Elyvilon.
             Slain by an orc wizard (2 damage)
             ... on level 2 of the Dungeon.
             The game lasted 00:25:30 (1654 turns).

Musickiller the Insei (Gnoll Transmuter)            Turns: 1654, Time: 00:25:31

Health: 0/28       AC:  2    Str:  9    XL:     3   Next: 66%
Magic:  0/9        EV: 13    Int: 13    God:    Elyvilon [*.....]
Gold:   32         SH:  0    Dex: 12    Spells: 11/12 levels left

rFire   . . .      SeeInvis .     - Unarmed
rCold   . . .      Faith    .   (no shield)
rNeg    . . .      Spirit   +   a - +0 robe
rPois   .          Reflect  .   (no helmet)
rElec   .          Harm     .   (no cloak)
rCorr   .          Rampage  .   (no gloves)
Will    .....                   (no boots)
Stlth   +.........              d - amulet of guardian spirit
HPRegen 0.09/turn               (no ring)
MPRegen 0.11/turn               (no ring)

@: confused
A: fangs 1, strong nose, distributed training
a: Renounce Religion, Lesser Healing, Divine Protection


You were on level 2 of the Dungeon.
You worshipped Elyvilon.
Elyvilon was aware of your devotion.
You visited 1 branch of the dungeon, and saw 2 of its levels.

You collected 32 gold pieces.

Inventory:

Missiles
 c - 59 stones (quivered)
Armour
 a - a +0 robe (worn)
Jewellery
 b - an amulet of the acrobat
 d - an amulet of guardian spirit (around neck)


   Skills:
 + Level 2.6 Fighting
 + Level 0.9 Short Blades
 + Level 0.9 Long Blades
 + Level 0.9 Axes
 + Level 0.9 Maces & Flails
 + Level 0.9 Polearms
 + Level 0.9 Staves
 + Level 0.9 Slings
 + Level 0.9 Bows
 + Level 0.9 Crossbows
 + Level 0.9 Throwing
 + Level 0.9 Armour
 + Level 4.5 Dodging
 + Level 0.9 Stealth
 + Level 0.9 Shields
 + Level 6.5 Unarmed Combat
 + Level 5.0 Spellcasting
 + Level 0.6 Conjurations
 + Level 0.6 Hexes
 + Level 0.6 Summonings
 + Level 0.6 Necromancy
 + Level 0.6 Translocations
 + Level 3.8 Transmutations
 + Level 0.6 Fire Magic
 + Level 0.6 Ice Magic
 + Level 0.6 Air Magic
 + Level 0.6 Earth Magic
 + Level 0.6 Poison Magic
 + Level 1.0 Invocations
 + Level 0.9 Evocations


You had 11 spell levels left.
You knew the following spells:

 Your Spells              Type           Power      Damage    Failure   Level
a - Beastly Appendage     Tmut           26%        N/A       4%          1

Your spell library contained the following spells:

 Spells                   Type           Power      Damage    Failure   Level
 Wereblood                Tmut           13%        N/A       6%          2
 Spider Form              Tmut/Pois      4%         N/A       22%         3
 Ice Form                 Ice/Tmut       9%         N/A       58%         4


Dungeon Overview and Level Annotations

Branches:
Dungeon (2/15)

Altars:
Elyvilon


Innate Abilities, Weirdness & Mutations

You have very sharp teeth.
Your uncanny sense of smell can sniff out nearby items.
Your experience applies equally to all skills.


Message History

* * * LOW HITPOINT WARNING * * *
You beseech Elyvilon to protect your life.
Something barely misses you. The orc wizard casts a spell at you.
The magic dart hits something.
You hear some strange, mumbled words.
A puff of flame appears from out of thin air!
The puff of flame hits you.
* * * LOW HITPOINT WARNING * * *
A goblin comes into view. It is wielding a +0 club.
An ufetubus comes into view.
The ufetubus shouts!
You hear a shout!
You hear some strange, mumbled words.
Something tries to affect you, but you resist.
You are healed.
Really attack the goblin while asking for your life to be spared?
This attack would place you under penance! [Y]es or [N]o only, please.
Really attack the goblin while asking for your life to be spared?
This attack would place you under penance!
Okay, then.
Something hits you.
* * * LOW HITPOINT WARNING * * *
The ufetubus barely misses you. The ufetubus completely misses you.
Your divine protection fades away.
The goblin barely misses you.
You beseech Elyvilon to protect your life.
Something hits you.
* * * LOW HITPOINT WARNING * * *
An orc wizard appears from thin air!
Reactivating autopickup.
Your divine protection fades away.
A goblin comes into view. It is wielding a +0 dagger.
A kobold comes into view. It is wielding a +0 whip.
The kobold shouts!
There is a stone staircase leading up here.
The orc wizard points at you and mumbles some strange words.
You are confused.
In your confused state, you trip and fall back down the stairs.
The orc wizard hits you with a +0 dagger.
* * * LOW HITPOINT WARNING * * *
The orc wizard hits you with a +0 dagger.
You die...

### ####### ##
##.## #....5#
.#...#..@###.###.#
.......ggoo..# #.#
.........5.#.###.#
###..K....##..5.5#
#..#...#####.###
....##.## #.#
###'# ### #.# .
###.#######
#.......).#


You could see 2 orc wizards, an ufetubus, 2 goblins and a kobold.

Vanquished Creatures
  2 dart slugs (D:1)
  2 orcs
  2 ball pythons (D:1)
  2 bats (D:1)
  A bat zombie (D:1)
  3 endoplasms
  2 giant cockroaches (D:1)
  10 goblins (D:1)
  3 hobgoblins (D:1)
  5 frilled lizards (D:1)
  3 kobolds (D:1)
  A quokka zombie (D:1)
  A rat (D:1)
37 creatures vanquished.

Notes
Turn   | Place    | Note
-------+----------+-------------------------------------------
     0 | D:1      | Musickiller the Gnoll Transmuter began the quest for the
                  | Orb.
     0 | D:1      | Reached XP level 1. HP: 17/17 MP: 6/6
   358 | D:1      | Reached XP level 2. HP: 18/23 MP: 7/7
   643 | D:1      | Reached XP level 3. HP: 28/28 MP: 9/9
   685 | D:1      | Reached skill level 5 in Spellcasting
   772 | D:1      | Found a faded altar of an unknown god.
   781 | D:1      | Became a worshipper of Elyvilon the Healer
   781 | D:1      | Reached * piety under Elyvilon
  1227 | D:1      | Reached skill level 1 in Invocations
  1654 | D:2      | Slain by an orc wizard

Illustrated notes

Levels and vault maps discovered:
D:1:      saegor_arrival_fortress, layout_basic,
          dilly_ecumenical_altar_fadedgnrine, minmay_ruptured
D:2:      layout_loops_corners, minmay_vboxes

Skill      XL: |  1  2  3 |
---------------+----------+-----
Spellcasting   | 5 |  5.0
Invocations    | 1 |  1.0
Fighting       | |  2.6
Short Blades   | |  0.9
Long Blades    | |  0.9
Axes           | |  0.9
Maces & Flails | |  0.9
Polearms       | |  0.9
Staves         | |  0.9
Slings         | |  0.9
Bows           | |  0.9
Crossbows      | |  0.9
Throwing       | |  0.9
Armour         | |  0.9
Dodging        | |  4.5
Stealth        | |  0.9
Shields        | |  0.9
Unarmed Combat | |  6.5
Conjurations   | |  0.6
Hexes          | |  0.6
Summonings     | |  0.6
Necromancy     | |  0.6
Translocations | |  0.6
Transmutations | |  3.8
Fire Magic     | |  0.6
Ice Magic      | |  0.6
Air Magic      | |  0.6
Earth Magic    | |  0.6
Poison Magic   | |  0.6
Evocations     | |  0.9

Action                   || total
-------------------------++-------
Melee: Unarmed           ||   110
       Bite              ||     8
       Punch             ||     2
       Headbutt          ||     1
Throw: Stone             ||    41
 Cast: Beastly Appendage ||     3
Invok: Lesser Healing    ||     3
       Divine Protection ||     2
Armor: Robe              ||    13
Dodge: Dodged            ||    63

Table legend: (Time is in decaauts)
 A = Elapsed time spent in this place.
 B = Non-inter-level travel time spent in this place.
 C = Inter-level travel time spent in this place.
 D = Time resting spent in this place.
 E = Time spent auto-exploring this place.
 F = Levels seen in this place.
 G = Mean time per level.
                   A        B        C        D        E       F      G
               +--------+--------+--------+--------+--------+-----+--------+
         Total |   1646 |   1646 |      0 |    200 |    374 |   2 |  823.0 |
       Dungeon |   1646 |   1646 |      0 |    200 |    374 |   2 |  823.0 |
               +--------+--------+--------+--------+--------+-----+--------+

Top non-repeatable levels by time:
     D:1: 1478 daAuts
     D:2: 168 daAuts
